 Dungeon Crawl Stone Soup version 0.20-a0-738-gb057e68 (webtiles) character file.

149 nono the Sneak (level 5, -4/25 HPs)
             Began as a Vine Stalker Arcane Marksman on Feb 23, 2017.
             Slain by Natasha (6 damage)
             ... on level 3 of the Dungeon.
             The game lasted 00:04:21 (1552 turns).

nono the Sneak (Vine Stalker Arcane Marksman)       Turns: 1552, Time: 00:04:23

Health: -4/25      AC:  8    Str: 18    XL:     5   Next: 31%
Magic:  0/7        EV:  6    Int: 13    God:
Gold:   117        SH: 11    Dex: 15    Spells: 5/6 levels left

rFire    . . .     SeeInvis .   p - +0 dagger
rCold    . . .     Gourm    .   l - +0 ring mail
rNeg     . . .     Faith    .   n - +0 large shield
rPois    .         Spirit   +   (no helmet)
rElec    .         Reflect  .   (no cloak)
rCorr    .         Harm     .   (no gloves)
MR       .....                  k - +2 pair of boots {Fly}
Stlth    ++........             (no amulet)
Regen    0.5/turn               (no ring)
MPRegen  0.1/turn               (no ring)

@: mighty, flying, slowed, very slow
A: fangs 2, regeneration 1, magic shield, antimagic bite, no potion heal 3, rot
immunity
a: Stop Flying


You were on level 3 of the Dungeon.
You were not hungry.

You visited 1 branch of the dungeon, and saw 3 of its levels.

You collected 117 gold pieces.

Inventory:

Hand Weapons
 h - a +0 spear
 p - a +0 dagger (weapon)
Missiles
 c - 7 javelins (quivered)
 d - 2 throwing nets
 t - 2 tomahawks
Armour
 a - a +0 robe
 k - a +2 pair of boots of flying (worn)
 l - a +0 ring mail (worn)
 n - a +0 large shield (worn)
 o - a +2 robe of fire resistance
Scrolls
 e - 2 scrolls of enchant weapon {unknown}
 g - 2 scrolls of identify {unknown}
 i - 2 scrolls of enchant armour {unknown}
 q - 3 scrolls of immolation {unknown}
Books
 b - a book of Debilitation

   Spells                             Type                      Level
   a - Corona                         Hexes                        1
   b - Slow                           Hexes                        2
   c - Inner Flame                    Hexes/Fire                   3
   d - Portal Projectile              Hexes/Translocation          3
   e - Cause Fear                     Hexes                        4
   f - Leda's Liquefaction            Hexes/Earth                  4
Comestibles
 f - 3 bread rations
 r - 2 meat rations
 s - a chunk of flesh


   Skills:
 - Level 0.8 Fighting
 + Level 1.8 Short Blades
 - Level 1.7 Throwing
 - Level 1.5 Dodging
 + Level 5.5 Stealth
 - Level 1.1 Spellcasting
 - Level 3.0 Hexes


You had 5 spell levels left.
You knew the following spells:

 Your Spells              Type           Power        Failure   Level  Hunger
a - Corona                Hex            #......      100%        1    ##.....


Dungeon Overview and Level Annotations

Branches:
Dungeon (3/15)

Altars:

Annotations:
D:3 Natasha


Innate Abilities, Weirdness & Mutations

You have extremely sharp teeth.
Your natural rate of healing is unusually fast.
When hurt, damage is shared between your health and your magic reserves.
Your bite disrupts and absorbs the magic of your enemies.
Potions cannot restore your health.
You are immune to rotting.


Message History

You aren't carrying any items that you can evoke without wielding.
It was a potion of curing.
That felt strangely inert.
Natasha zaps a wand.
The puff of flame hits you!
* * * LOW HITPOINT WARNING * * *
Natasha drinks a potion.
Natasha suddenly seems more agile.
You block the white imp's attack.
You feel very mighty all of a sudden.
Natasha zaps a wand.
The puff of flame hits you!
* * * LOW HITPOINT WARNING * * *
The white imp gestures at you. The puff of frost hits you!
* * * LOW HITPOINT WARNING * * *
You closely miss the white imp. You bite the white imp!
The white imp's magic leaks into the air.
You drain its magic.
The white imp is almost dead.
Natasha zaps a wand.
The puff of flame hits you!
* * * LOW HITPOINT WARNING * * *
The white imp falters for a moment.
Natasha claws you.
You die...

#.#....(.######.#
..#......#
#.#####.#.#..#
..........#.(#
#..####.#######
...............
##.##..........
#..........
#..@.......
#..5h......
#..........
#.#.####### ..#.#
#..#.# #..#.# #.
#.#


You could see Natasha and a white imp.

Vanquished Creatures
  A jelly (D:3)
  2 adders (D:2)
  4 gnolls
  An ooze (D:3)
  3 worms
  4 leopard geckos
  A ball python (D:1)
  5 giant cockroaches
  3 goblins (D:2)
  8 hobgoblins
  4 jackals (D:1)
  4 bats
  A frilled lizard (D:2)
  3 kobolds
  6 rats
50 creatures vanquished.

Notes
Turn   | Place    | Note
-------+----------+-------------------------------------------
     0 | D:1      | nono the Vine Stalker Arcane Marksman began the quest for the Orb.
     0 | D:1      | Reached XP level 1. HP: 9/9 MP: 3/3
    31 | D:1      | Reached skill level 2 in Stealth
    31 | D:1      | Reached XP level 2. HP: 14/14 MP: 4/4
   170 | D:1      | Reached skill level 3 in Stealth
   405 | D:1      | Reached XP level 3. HP: 17/17 MP: 5/5
   613 | D:2      | Reached skill level 4 in Stealth
   842 | D:2      | Gained mutation: Your natural rate of healing is unusually fast. [Vine Stalker growth]
   842 | D:2      | Reached XP level 4. HP: 20/21 MP: 6/6
  1417 | D:2      | Reached skill level 5 in Stealth
  1424 | D:3      | Reached skill level 1 in Short Blades
  1428 | D:3      | Reached XP level 5. HP: 12/25 MP: 7/7
  1541 | D:3      | Noticed Natasha
  1552 | D:3      | Slain by Natasha

Vault maps used:
D:1:      nicolae_arrival_memento_mori, grunt_decor_one_mirror
D:2:      first_bread
D:3:      tgw_sif, uniq_natasha

Skill      XL: |  1  2  3  4 |
---------------+-------------+-----
Stealth        | 2 3 4 5 |  5.5
Short Blades   | 1 |  1.8
Fighting       | |  0.8
Throwing       | |  1.7
Dodging        | |  1.5
Spellcasting   | |  1.1
Hexes          | |  3.0

Action                   |  1- 3 |  4- 6 || total
-------------------------+-------+-------++-------
Melee: Spear             |   128 |       ||   128
       Bite              |    24 |    39 ||    63
       Dagger            |     2 |   110 ||   112
Throw: Javelin           |     2 |       ||     2
  Use: Potion            |       |     3 ||     3
 Stab: Sleeping          |     5 |     1 ||     6
  Eat: Chunk             |       |     3 ||     3
Armor: Robe              |     9 |       ||     9
       Ring mail         |    41 |    42 ||    83
Dodge: Dodged            |    51 |    29 ||    80
Block: Large shield      |    14 |    62 ||    76
